General information
			
			
        
        - name: loveellelove P:|| L:5
 
        - type: Custom game
 
        - host: loveellelove
 
        - saver: ATempT
 
        
map: TurtleRock 
        - players: 4
 
        - length: 19:47
 
        - speed: Fast
 - version: 1.22 W3XP
 - replay type:  Public
 
» download(182 KB)
Players
        team 1 (loser) 
              
              
loveellelove (
purple | 97 APM | 1894 actions | 19:30)
              
 4 Archmage 
 2 Summon Water Elemental
 2 Brilliance Aura
 3 Beastmaster 
 2 Summon Quilbeast
 1 Summon Hawk
 
                » actions 
                
                | Assign group hotkey | 59 |  | 
| Basic commands | 37 |  | 
| Build / train | 57 |  | 
| Enter build submenu | 22 |  | 
| Enter hero's abilities submenu | 8 |  | 
| Give item / drop item | 2 |  | 
| Right click | 709 |  | 
| Select / deselect | 276 |  | 
| Select group hotkey | 623 |  | 
| Use ability | 101 |  | 
                1894 total
 » units 
                
                | Peasant | 9 |  | 
| Footman | 9 |  | 
| Sorceress | 1 |  | 
| Priest | 2 |  | 
| Spell Breaker | 1 |  | 
| Dragonhawk Rider | 11 |  | 
                33 total
 » upgrades
                
                | Defend | 1 |  | 
| Lumber Harvesting | 1 |  | 
                2 total
 » buildings
                
                | Altar of Kings | 1 |  | 
| Barracks | 1 |  | 
| Farm | 13 |  | 
| Keep | 1 |  | 
| Lumber Mill | 1 |  | 
| Arcane Vault | 1 |  | 
| Scout Tower | 1 |  | 
| Arcane Tower | 1 |  | 
| Guard Tower | 2 |  | 
| Arcane Sanctum | 2 |  | 
| Gryphon Aviary | 1 |  | 
                25 total
 » build order
                00:07 Altar of Kings
00:18 Barracks
00:20 Farm
00:36 Farm
01:24 Farm
02:59 Keep
03:30 Lumber Mill
03:38 Arcane Vault
03:53 Farm
04:26 Farm
04:35 Scout Tower
04:57 Farm
05:26 Arcane Tower
07:16 Guard Tower
07:18 Guard Tower
08:33 Arcane Sanctum
08:37 Arcane Sanctum
09:42 Farm
10:04 Farm
10:21 Farm
11:33 Gryphon Aviary
11:43 Farm
12:23 Farm
13:41 Farm
14:15 Farm
» items
                
                | Boots of Speed | 1 |  | 
| Dust of Appearance | 1 |  | 
| Ivory Tower | 3 |  | 
| Potion of Healing | 2 |  | 
| Scroll of Regeneration | 2 |  | 
                9 total
  
               
              
              
fw1984 (
red | 141 APM | 2714 actions | 19:17)
              
 3 Blademaster 
 2 Wind Walk
 1 Critical Strike
 1 Shadow Hunter 
 1 Hex
 
                » actions 
                
                | Assign group hotkey | 26 |  | 
| Basic commands | 38 |  | 
| Build / train | 56 |  | 
| Enter build submenu | 13 |  | 
| Enter hero's abilities submenu | 4 |  | 
| Give item / drop item | 1 |  | 
| Remove unit from queue | 2 |  | 
| Right click | 1408 |  | 
| Select / deselect | 263 |  | 
| Select group hotkey | 853 |  | 
| Use ability | 50 |  | 
                2714 total
 » units 
                
                | Peon | 7 |  | 
| Grunt | 10 |  | 
| Spirit Walker | 2 |  | 
| Raider | 2 |  | 
| Troll Headhunter/Berserker | 7 |  | 
| Troll Batrider | 7 |  | 
                35 total
 » upgrades
                
                | Berserker Strength | 1 |  | 
| Ensnare | 1 |  | 
| Troll Regeneration | 1 |  | 
| Berserker Upgrade | 1 |  | 
                4 total
 » buildings
                
                | Altar of Storms | 1 |  | 
| Orc Burrow | 6 |  | 
| Barracks | 1 |  | 
| Voodoo Lounge | 1 |  | 
| Stronghold | 1 |  | 
| Spirit Lodge | 1 |  | 
| Beastiary | 1 |  | 
| War Mill | 1 |  | 
| Fortress | 1 |  | 
                14 total
 » build order
                00:06 Altar of Storms
00:08 Orc Burrow
00:28 Barracks
01:34 Voodoo Lounge
02:25 Orc Burrow
02:58 Stronghold
04:06 Orc Burrow
05:44 Spirit Lodge
05:47 Beastiary
09:29 Orc Burrow
09:43 War Mill
11:49 Fortress
13:18 Orc Burrow
14:21 Orc Burrow
» items
                
                | Healing Salve | 3 |  | 
| Lesser Clarity Potion | 1 |  | 
| Orb of Lightning | 1 |  | 
| Potion of Healing | 1 |  | 
| Scroll of Town Portal | 1 |  | 
                7 total
  
               team 2 (winner) 
              
              
ATempT (
light-blue | 115 APM | 2272 actions | 19:47)
              
 4 Blademaster 
 2 Wind Walk
 2 Critical Strike
 3 Shadow Hunter 
 1 Hex
 2 Healing Wave
 
                » actions 
                
                | Assign group hotkey | 31 |  | 
| Basic commands | 1 |  | 
| Build / train | 59 |  | 
| Enter build submenu | 26 |  | 
| Enter hero's abilities submenu | 7 |  | 
| Give item / drop item | 1 |  | 
| Remove unit from queue | 1 |  | 
| Right click | 1347 |  | 
| Select / deselect | 204 |  | 
| Select group hotkey | 523 |  | 
| Use ability | 72 |  | 
                2272 total
 » units 
                » upgrades
                
                | Berserker Strength | 1 |  | 
| Envenomed Spears | 1 |  | 
| Armor | 1 |  | 
| Spirit Walker Training | 0 |  | 
| Shaman Training | 1 |  | 
                4 total
 » buildings
                
                | Altar of Storms | 1 |  | 
| Orc Burrow | 7 |  | 
| Barracks | 1 |  | 
| Voodoo Lounge | 4 |  | 
| Stronghold | 3 |  | 
| Beastiary | 2 |  | 
| Fortress | 2 |  | 
| War Mill | 1 |  | 
| Great Hall | 1 |  | 
| Spirit Lodge | 1 |  | 
| Watch Tower | 4 |  | 
                27 total
 » build order
                00:04 Altar of Storms
00:13 Orc Burrow
00:37 Barracks
01:25 Orc Burrow
02:14 Voodoo Lounge
03:31 Stronghold
03:31 Stronghold
03:31 Stronghold
04:32 Orc Burrow
05:59 Beastiary
07:14 Fortress
07:14 Fortress
07:20 Orc Burrow
09:04 Voodoo Lounge
09:41 Orc Burrow
10:30 War Mill
10:44 Orc Burrow
11:22 Great Hall
14:25 Orc Burrow
14:30 Spirit Lodge
14:58 Watch Tower
15:03 Watch Tower
16:35 Watch Tower
16:37 Watch Tower
16:56 Beastiary
17:05 Voodoo Lounge
17:12 Voodoo Lounge
» items
                
                | Healing Salve | 3 |  | 
| Lesser Clarity Potion | 1 |  | 
| Scroll of Speed | 1 |  | 
| Boots of Speed | 1 |  | 
| Circlet of Nobility | 1 |  | 
| Potion of Healing | 1 |  | 
| Potion of Mana | 1 |  | 
                9 total
  
               
              
              
debinhalencar (
pink | 138 APM | 2699 actions | 19:30)
              
 6 Archmage 
 3 Summon Water Elemental
 2 Brilliance Aura
 1 Mass Teleport
 5 Mountain King 
 3 Storm Bolt
 2 Bash
 
                » actions 
                
                | Assign group hotkey | 108 |  | 
| Basic commands | 208 |  | 
| Build / train | 90 |  | 
| ESC pressed | 5 |  | 
| Enter build submenu | 21 |  | 
| Enter hero's abilities submenu | 11 |  | 
| Give item / drop item | 3 |  | 
| Right click | 1348 |  | 
| Select / deselect | 512 |  | 
| Select group hotkey | 247 |  | 
| Use ability | 146 |  | 
                2699 total
 » units 
                
                | Peasant | 23 |  | 
| Footman | 10 |  | 
| Gryphon Rider | 11 |  | 
| Flying Machine | 2 |  | 
                46 total
 » upgrades
                
                | Lumber Harvesting | 2 |  | 
| Defend | 1 |  | 
| Swords | 2 |  | 
| Animal War Training | 1 |  | 
                6 total
 » buildings
                
                | Altar of Kings | 1 |  | 
| Barracks | 1 |  | 
| Farm | 8 |  | 
| Scout Tower | 1 |  | 
| Arcane Tower | 2 |  | 
| Keep | 1 |  | 
| Arcane Vault | 1 |  | 
| Castle | 3 |  | 
| Lumber Mill | 1 |  | 
| Gryphon Aviary | 2 |  | 
| Blacksmith | 1 |  | 
| Town Hall | 2 |  | 
| Workshop | 1 |  | 
                25 total
 » build order
                00:06 Altar of Kings
00:18 Barracks
00:45 Farm
00:48 Farm
01:34 Scout Tower
01:56 Farm
02:03 Arcane Tower
02:03 Arcane Tower
03:18 Keep
03:28 Arcane Vault
04:32 Farm
05:39 Castle
05:39 Castle
05:39 Castle
05:52 Lumber Mill
06:56 Farm
07:29 Gryphon Aviary
08:37 Gryphon Aviary
09:13 Blacksmith
10:08 Farm
12:47 Farm
14:10 Town Hall
16:47 Workshop
16:52 Farm
18:36 Town Hall
» items
                
                | Scroll of Regeneration | 1 |  | 
| Boots of Speed | 1 |  | 
| Potion of Healing | 2 |  | 
| Ivory Tower | 8 |  | 
                12 total
  
                Chat log
          (00:28 / Allies) ATempT: vo haras
(00:31 / Allies) ATempT: eles sao oq em?
(00:57 / Allies) debinhalencar: hu orc
(01:03 / Allies) ATempT: very good
(07:16 / Allies) ATempT: ???
(07:16 / Allies) debinhalencar: torre n ma
(07:18 / Allies) debinhalencar: torre n
(07:38 / Allies) debinhalencar: a,m
(08:32 / Allies) debinhalencar: wood
(10:34 / Allies) debinhalencar: maxo wood
(11:53 / Allies) ATempT: land control?
(12:15 / Allies) debinhalencar: maxo
(12:15 / Allies) debinhalencar: plz
(12:17 / Allies) debinhalencar: 100 wood
(12:22 / Allies) debinhalencar: bm
(12:35 / Allies) debinhalencar: q foi isso
(13:07 / Allies) debinhalencar: ,..
(13:23 / Allies) debinhalencar: dubvido
(13:25 / Allies) debinhalencar: avi
(13:26 / Allies) debinhalencar: mata!!!!
(13:27 / Allies) debinhalencar: woo
(13:35 / Allies) debinhalencar: agr ele ta pensanod
(14:54 / Allies) ATempT: land control maxu
(16:05 / Allies) debinhalencar: vala mi deus
(16:06 / Allies) debinhalencar: cuidado
(16:07 / Allies) ATempT: vamo nos human
(16:10 / Allies) debinhalencar: lando control
(16:12 / Allies) debinhalencar: n maxo
(16:14 / Allies) debinhalencar: eles vao ganhar
(17:16 / Allies) debinhalencar: compra
(17:16 / Allies) debinhalencar: orb
(17:17 / Allies) debinhalencar: of ligh
(19:20 / All) debinhalencar: gg noobs